 Dungeon Crawl Stone Soup version 0.30-a0-1016-gfb0d676c02 (webtiles) character file.

Game seed: 4574789554039716671

1479 pokeman the Thaumaturge (level 8, -2/44 HPs)
             Began as a Deep Elf Hedge Wizard on Apr 6, 2023.
             Slain by a bullfrog (6 damage)
             ... on level 6 of the Dungeon.
             The game lasted 00:12:47 (4906 turns).

pokeman the Thaumaturge (Deep Elf Hedge Wizard)     Turns: 4906, Time: 00:12:48

Health: -2/44      AC:  3    Str:  7    XL:     8   Next: 50%
Magic:  15/23      EV: 13    Int: 22    God:
Gold:   195        SH:  0    Dex: 14    Spells: 18/26 levels left

rFire   . . .      SeeInvis +    g - +2 sling (elec)
rCold   . . .      Faith    .    (no shield)
rNeg    . . .      Spirit   .    b - +0 robe
rPois   .          Reflect  .    c - +0 hat
rElec   .          Rampage  .    (no cloak)
rCorr   +                        u - +0 pair of gloves
Will    .....                    (no boots)
Stlth   +                        (no amulet)
HPRegen 0.27/turn                p - ring of resist corrosion
MPRegen 0.18/turn                t - ring of see invisible

@: confused
A: no striking features
a: no special abilities


You were on level 6 of the Dungeon.
You visited 1 branch of the dungeon, and saw 6 of its levels.

You collected 360 gold pieces.
You spent 165 gold pieces at shops.

Inventory:

Hand Weapons
 g - a +2 sling of electrocution (weapon)
Armour
 b - a +0 robe (worn)
 c - a +0 hat (worn)
 u - a +0 pair of gloves (worn)
Magical Staves
 m - a staff of cold
 q - a staff of poison
Jewellery
 p - a ring of resist corrosion (left hand)
 t - a ring of see invisible (right hand)
Scrolls
 f - 6 scrolls of identify {unknown}
 h - a scroll of silence {unknown}
 i - 2 scrolls of enchant weapon {unknown}
 j - 7 scrolls of teleportation {unknown}
 l - a scroll of immolation {unknown}
 r - 2 scrolls of blinking {unknown}
 s - a scroll of fog {unknown}
 x - a scroll of vulnerability {unknown}
Potions
 a - 2 potions of flight {unknown}
 d - a potion of magic
 e - 6 potions of curing {unknown}
 k - 2 potions of attraction {unknown}
 n - a potion of resistance {unknown}
 o - 2 potions of heal wounds {unknown}
 v - a potion of cancellation {unknown}
 w - a potion of might {unknown}


   Skills:
 - Level 2.0 Fighting
 + Level 2.3 Armour
 - Level 3.0 Dodging
 - Level 3.0 Stealth
 * Level 9.8 Spellcasting
 + Level 5.1 Conjurations
 + Level 3.7 Summonings
 - Level 1.1 Translocations
 - Level 1.4 Ice Magic
 - Level 1.3 Air Magic
 - Level 1.3 Poison Magic
 - Level 1.0 Evocations


You had 18 spell levels left.
You knew the following spells:

 Your Spells              Type           Power      Damage    Failure   Level
a - Magic Dart            Conj           100%       1d8       1%          1
b - Mephitic Cloud        Conj/Pois/Air  22%        N/A       6%          3
c - Call Imp              Summ           27%        N/A       1%          2
d - Blink                 Tloc           30%        N/A       6%          2

Your spell library contained the following spells:

 Spells                   Type           Power      Damage    Failure   Level
 Kiss of Death            Conj/Necr      88%        2d12      2%          1
 Slow                     Hex            40%        N/A       6%          1
 Cigotuvi's Dreadful Rot  Necr/Pois/Air  28%        N/A       6%          2
 Lesser Beckoning         Tloc           30%        N/A       6%          2
 Gell's Gravitas          Tloc           15%        N/A       12%         3
 Teleport Other           Tloc           15%        N/A       12%         3
 Confusing Touch          Hex            10%        N/A       19%         3
 Dispel Undead            Necr           10%        3d9       52%         4


Dungeon Overview and Level Annotations

Branches:
Dungeon (6/15)
 Temple: D:4-7

Altars:
Dithmenos
Ru
Sif Muna

Shops:
D:4 =


Message History

The phantom hits you but does no damage.
The bullfrog hits you.
* * * LOW HITPOINT WARNING * * *
Casting: Blink (safe; 6% risk of failure)
Confirm with . or Enter, or press ? or * to list all spells.
A beastly little devil appears in a puff of frigid air.
The bullfrog hits you but does no damage.
You swap places.
The bullfrog hits your white imp. x2
Your white imp dies!
Your white imp disappears in a puff of smoke!
Casting: Call Imp (safe; 1% risk of failure)
Confirm with . or Enter, or press ? or * to list all spells.
Aiming: Mephitic Cloud (dangerous; 6% risk of failure)
Press: ? - help, Shift-Dir - straight line, f - bullfrog, p - phantom
Aim: a bullfrog (chance to affect: 81%)
The ball explodes into a vile cloud!
The stinking cloud engulfs the bullfrog but does no damage.
The stinking cloud engulfs the phantom but does no damage.
The phantom is moderately damaged.
You hear a shout!
The bullfrog is engulfed in noxious fumes.
Unknown command.
The bullfrog barely misses you. The bullfrog hits you.
* * * LOW HITPOINT WARNING * * *
Casting: Mephitic Cloud (dangerous; 6% risk of failure)
Confirm with . or Enter, or press ? or * to list all spells.
Aiming: Mephitic Cloud (dangerous; 6% risk of failure)
Press: ? - help, Shift-Dir - straight line, f/p - bullfrog
Aim: a bullfrog (chance to affect: 81%) That beam is likely to hit you.
Continue anyway?
The ball explodes into a vile cloud!
The stinking cloud engulfs the bullfrog but does no damage.
The stinking cloud engulfs you but does no damage.
The stinking cloud engulfs the phantom but does no damage.
The phantom is moderately damaged.
You are engulfed in noxious fumes.
You choke on the stench!
You are confused.
The bullfrog is engulfed in noxious fumes.
The bullfrog appears confused.
The bullfrog hits you.
You die...

#.###.....# #.###...
...# #.....# #.##....
#####
##....#########....###
#...##............#
###.##........#####
#.##............
#.##.......########
#.##...............
#.@☼##'#######.§##.
###FW#..:# #.....
##○#.#)# #.....
#○o...######....
+######...##.....#....
....o............#....
....####....)....#....
.....F...........'....
.....#######..>..#....


You could see a phantom, a bullfrog (confused) and an orc.

Vanquished Creatures
  Sigmund (D:6)
  A water moccasin (D:5)
  An ice beast (D:5)
  2 black bears (D:5)
  2 ogres
  A centaur (D:5)
  A phantom (D:5)
  A scorpion (D:5)
  A killer bee (D:5)
  A jelly (D:6)
  3 hounds
  An orc priest (D:6)
  4 iguanas
  2 orc wizards (D:3)
  11 adders
  A shadow imp (D:5)
  3 worms
  A dart slug (D:5)
  22 orcs
  7 endoplasms
  6 giant cockroaches
  2 goblins
  2 hobgoblins
  5 jackals
  6 kobolds
  5 quokkas
  11 ball pythons
  4 bats
  10 frilled lizards
  3 rats
121 creatures vanquished.

Vanquished Creatures (others)
  6 plants (D:2)
6 creatures vanquished.

Grand Total: 127 creatures vanquished

Notes
Turn   | Place    | Note
-------+----------+-------------------------------------------
     0 | D:1      | pokeman the Deep Elf Hedge Wizard began the quest for the
                  | Orb.
     0 | D:1      | Reached XP level 1. HP: 10/10 MP: 7/7
   255 | D:1      | Reached XP level 2. HP: 16/16 MP: 9/9
   465 | D:1      | Found a faded altar of an unknown god.
   610 | D:1      | Reached skill level 5 in Spellcasting
   718 | D:2      | Reached XP level 3. HP: 20/20 MP: 11/11
   722 | D:2      | Learned a level 3 spell: Mephitic Cloud
   725 | D:2      | Learned a level 2 spell: Call Imp
   728 | D:2      | Learned a level 2 spell: Blink
   946 | D:2      | Reached skill level 1 in Armour
  1024 | D:2      | Reached skill level 1 in Fighting
  1355 | D:3      | Reached XP level 4. HP: 25/25 MP: 13/13
  1853 | D:3      | Reached skill level 6 in Spellcasting
  1853 | D:3      | Reached XP level 5. HP: 29/29 MP: 13/15
  1877 | D:3      | Found a sacrificial altar of Ru.
  2708 | D:4      | Found a shimmering blue altar of Sif Muna.
  2715 | D:4      | Noticed an ogre
  2725 | D:4      | Reached skill level 1 in Ice Magic
  2728 | D:4      | Killed an ogre
  2729 | D:4      | Reached skill level 1 in Air Magic
  2729 | D:4      | Reached XP level 6. HP: 26/34 MP: 13/17
  3131 | D:4      | Found Reginoda's Jewellery Shoppe.
  3139 | D:4      | Bought a ring of see invisible for 165 gold pieces
  3239 | D:5      | Entered Level 5 of the Dungeon
  3254 | D:5      | Reached skill level 7 in Spellcasting
  3254 | D:5      | Reached skill level 1 in Evocations
  3266 | D:5      | Reached skill level 1 in Poison Magic
  3572 | D:5      | Found a shadowy altar of Dithmenos.
  3578 | D:5      | Noticed an ice beast
  3600 | D:5      | Killed an ice beast
  3601 | D:5      | Reached XP level 7. HP: 21/34 MP: 16/20
  3805 | D:5      | Reached skill level 8 in Spellcasting
  3963 | D:5      | Reached XP level 8. HP: 21/44 MP: 1/22
  4139 | D:5      | Reached skill level 9 in Spellcasting
  4698 | D:6      | Noticed Sigmund
  4705 | D:6      | Killed Sigmund
  4706 | D:6      | Reached skill level 5 in Conjurations
  4906 | D:6      | Slain by a bullfrog

Illustrated notes

Levels and vault maps discovered:
D:1:      ncdulo_smallfort, layout_basic, shapermc_ecumenical_altar_petra
D:2:      layout_loops_cross, moated_statue, minmay_lizard_king
D:3:      layout_loops_corners, mainiacjoe_overflow_boulevard,
          minmay_misc_feat_iff, nicolae_elevator_lobby_plus
D:4:      layout_layer_cave, nicolae_sif_muna_condensation, serial_shops, shop
D:5:      cheibrodos_barr_body, layout_loops_corners, kennysheep_mini
D:6:      layout_basic, grunt_temple_overflow_order_and_chaos_1,
          mainiacjoe_overflow_catwalk, cheibrodos_ashenzari_chains, uniq_maggie,
          uniq_sigmund

Skill      XL: |  1  2  3  4  5  6  7  8 |
---------------+-------------------------+-----
Spellcasting   | 5 6 7 8 9 |  9.8
Armour         | 1 2 |  2.3
Conjurations   | 2 3 4 5 |  5.1
Fighting       | 1 2 |  2.0
Dodging        | 3 |  3.0
Stealth        | 3 |  3.0
Ice Magic      | 1 |  1.4
Air Magic      | 1 |  1.3
Evocations     | 1 |  1.0
Poison Magic   | 1 |  1.3
Summonings     | 2 3 |  3.7
Translocations | |  1.1

Action                     |  1- 3 |  4- 6 |  7- 9 || total
---------------------------+-------+-------+-------++-------
   Fire: Sling             |    82 |   118 |   119 ||   319
   Cast: Magic Dart        |    16 |    13 |    15 ||    44
         Mephitic Cloud    |       |     6 |     8 ||    14
         Call Imp          |       |     1 |     5 ||     6
         Blink             |       |     1 |     2 ||     3
    Use: Scroll            |       |     1 |       ||     1
 Armour: Robe              |     5 |     8 |    13 ||    26
  Dodge: Dodged            |    13 |    28 |    61 ||   102

Table legend: (Time is in decaauts)
 A = Elapsed time spent in this place.
 B = Non-inter-level travel time spent in this place.
 C = Inter-level travel time spent in this place.
 D = Time resting spent in this place.
 E = Time spent auto-exploring this place.
 F = Levels seen in this place.
 G = Mean time per level.
                   A        B        C        D        E       F      G
               +--------+--------+--------+--------+--------+-----+--------+
         Total |   5031 |   4874 |    157 |     91 |   3988 |   6 |  838.5 |
       Dungeon |   5031 |   4874 |    157 |     91 |   3988 |   6 |  838.5 |
               +--------+--------+--------+--------+--------+-----+--------+

Top non-repeatable levels by time:
     D:5: 1363 daAuts
     D:4: 1022 daAuts
     D:3: 960 daAuts
     D:1: 692 daAuts
     D:2: 690 daAuts
     D:6: 300 daAuts
